Map: Automaton LE

Players

JayTwo

  • Race: Terran Terran
  • League: Gold
  • Spawn Location: 9:00

A.I. 1 (Very Easy) - Winner!

  • Race: Protoss Protoss
  • Spawn Location: 3:00

VOD

Have the link to the VOD?

Description

<DONT LOSE MARINES>

Time

  • Played on: Feb. 13, 2019, 5:07 p.m.
  • Length: 2:37
Show
View Real Time Build Order
Export as new Build Order

JayTwo Terran 

Build Orders:  

Get SALT Encoding   

  12  0:00  SCV  
  13  0:15  Supply Depot  
  13  0:18  SCV  
  14  0:30  SCV  
  15  0:42  SCV  
  16  0:54  SCV  
  17  1:00  Barracks  
  17  1:02  Barracks  
  17  1:06  SCV  
  18  1:19  SCV  
  18  1:21  Supply Depot  
  19  1:31  SCV  
  20  1:44  Supply Depot  
  20  1:46  Refinery  
  20  1:51  Bunker  
  20  1:54  Barracks  
  20  1:58  Marine x2  
  22  2:11  Orbital Command  
  22  2:16  Marine x2  
Show
View Real Time Build Order
Export as new Build Order

A.I. 1 (Very Easy) Protoss - Winner!

Build Orders:  

Get SALT Encoding   

  12  0:00  Probe  
  13  0:13  Probe  
  14  0:21  Pylon  
  14  0:39  Assimilator  
  14  0:44  Gateway  
  14  0:47  Pylon  
  14  1:17  Assimilator  
  14  1:26  Probe  
  15  1:33  Zealot  
  15  1:34  Probe, Cybernetics Core  
  18  1:42  Probe  
  19  1:52  Probe  
  20  2:01  Probe  
  21  2:10  Probe  
Tags
 
League
Gold
Matchup
PvT
Spawn Locations
Cross Positions
Add a new tag
Caveats
  • Supply blocks, unpowered buildings, or Contaminate may cause inaccurate times.
  • Supply counts are checked every 10 seconds.